 Dungeon Crawl Stone Soup version 0.28-a0-1152-g9c71ebef14 (webtiles) character file.

Game seed: 1294342049163336927

1 spaghetti the Sneak (level 1, -1/16 HPs)
             Began as an Octopode Delver on Dec 14, 2021.
             Slain by an iguana (12 damage)
             ... on level 4 of the Dungeon.
             The game lasted 00:00:20 (260 turns).

spaghetti the Sneak (Octopode Delver)                Turns: 260, Time: 00:00:21

Health: -1/16      AC:  1    Str: 11    XL:     1   Next: 20%
Magic:  1/1        EV: 13    Int: 12    God:
Gold:   20         SH:  0    Dex: 13    Spells: 0/0 levels left

rFire   . . .      SeeInvis .   a - +0 hand axe {axe}
rCold   . . .      Faith    .   (no shield)
rNeg    . . .      Spirit   .   (helmet restricted)
rPois   .          Reflect  .   (no amulet)
rElec   .          Harm     .   (no ring)
rCorr   .          Rampage  .   (no ring)
Will    .....                   (no ring)
Stlth   ++++......              (no ring)
HPRegen 0.05/turn               (no ring)
MPRegen 0.07/turn               (no ring)
                                (no ring)
                                (no ring)

@: no status effects
A: almost no armour, amphibious, 8 rings, camouflage 1, gelatinous body 1,
(nimble swimmer 1), tentacles
a: no special abilities


You were on level 4 of the Dungeon.
You visited 1 branch of the dungeon, and saw 2 of its levels.

You collected 20 gold pieces.


Innate Abilities, Weirdness & Mutations

You cannot wear most types of armour.
You are amphibious.
You can wear up to eight rings at the same time.
Your skin changes colour to match your surroundings (Stealth+).
Your rubbery body absorbs attacks. (AC +1, EV +1)
((You are camouflaged near water. (Stealth+)))
You have tentacles for arms and can constrict up to eight enemies at once.


   Skills:
 + Level 3.1 Fighting
 - Level 2.0 Axes
 - Level 2.0 Dodging
 - Level 6.6 Stealth


You couldn't memorise any spells.
You didn't know any spells.
Your spell library contained the following spells:

 Spells                   Type           Power      Damage    Failure   Level
 Dazzling Flash           Conj/Hex       0%         N/A       69%         3
 Agony                    Necr           0%         N/A       100%        5
 Silence                  Hex/Air        0%         N/A       100%        5

Inventory:

Hand Weapons
 a - a +0 hand axe (weapon) {axe}
Missiles
 g - 15 bolts
 h - 13 arrows
 i - 4 silver boomerangs (quivered) {throwing}
Wands
 f - a wand of digging (3)
Scrolls
 b - a scroll of fog
 c - a scroll of magic mapping {!r}
 d - a scroll of fear
Potions
 e - a potion of haste {@q3}

Dungeon Overview and Level Annotations

Branches:
Dungeon (5/15)
 Temple: D:4-7

Altars:

#............#
##............#
#.............#
#.............#
#.########.####
######.# #.#
#...##.########.######
#..>......)..l.........
#......#....@#....###..
##...#...###.g....#
######### ###....#
#...|# #g...# #(..##
#.###


You could see an iguana and a hobgoblin.


Message History

🤖 Initializing magus.rc ...
Options error: Delay interrupt name "hungry" not recognised. (~/.crawlrc:4771) ✅ Successfully initialized magus.rc [v1.9.6] Welcome, spaghetti the Octopode Delver.
Will you prevail where others failed? Will you find the Orb of Zot?
Press ? for a list of commands and other information.
Found a stone staircase leading down and a stone staircase leading up.
(D) Dungeon
Where to? (? - help)
There is a stone staircase leading up here.
You climb upwards.
There is a stone staircase leading down here.
Unknown command.
Unknown command.
A kobold comes into view. It is wielding a +0 whip.
The kobold shouts!
The kobold unwields a +0 whip.
The kobold wields a +0 hand crossbow.
The kobold shoots a bolt.
The bolt hits you but does no damage.
The kobold shoots a bolt.
The bolt hits you!
Ouch! That really hurt!
* * * LOW HITPOINT WARNING * * *
😨 HP[-8]
You take 8 damage, and now have 8/16 hp.
MASSIVE DAMAGE!! (PAUSE)
The kobold unwields a +0 hand crossbow.
The kobold wields a +0 whip.
The kobold hits you with a +0 whip.
* * * LOW HITPOINT WARNING * * *
😨 HP[-3]
You take 3 damage, and now have 5/16 hp.
You hit the kobold but do no damage. You grab the kobold.
You constrict the kobold, but do no damage.
The kobold misses you.
You hit the kobold.
You kill the kobold!
g - 15 bolts
Things that are here:
a +0 whip {mace}; a +0 hand crossbow {crossbow} You start resting. 😎 HP[+11]
Your hp is fully restored (16).
Okay, then.
h - 13 arrows You pick up a book of the Senses and begin reading...
You add the spells Dazzling Flash, Agony and Silence to your library.
You now have 7 gold pieces.
i - 4 silver boomerangs {throwing} You now have 20 gold pieces (gained 13).
An iguana and a hobgoblin come into view.
The iguana hisses angrily.
The hobgoblin shouts!
You start waiting.
A hobgoblin opens the door.
You hit the iguana. You grab the iguana.
You constrict the iguana, but do no damage.
The iguana closely misses you.
You hit the iguana but do no damage. Your squeeze misses the iguana.
You hit the hobgoblin.
You constrict the iguana, but do no damage.
The iguana bites you.
The hobgoblin barely misses you. 😮 HP[-6]
You take 6 damage, and now have 10/16 hp.
MASSIVE DAMAGE!! (PAUSE)
Okay, then.
You hit the iguana but do no damage. You squeeze the iguana.
You hit the hobgoblin but do no damage.
You constrict the iguana, but do no damage.
The iguana misses you. The hobgoblin closely misses you.
The iguana closely misses you. 😮 HP[+1] Unknown command.
You hit the iguana but do no damage. You closely miss the hobgoblin.
You constrict the iguana. The hobgoblin barely misses you.
The iguana bites you!
Ouch! That really hurt!
You die...

Action                   || total
-------------------------++-------
Melee: Hand axe          ||     6
       Constrict         ||     2
       Tentacles         ||     1
Armor: Skin              ||     1
Dodge: Dodged            ||     7

Levels and vault maps discovered:
D:4:      minmay_diamond_boxcup, layout_basic, serial_shops, shop_fountains
D:5:      kennysheep_big_flooded_room, layout_cave_pools, minitemple,
          mainiacjoe_overflow_catwalk, serial_shops, shop

Notes
Turn   | Place    | Note
-------+----------+-------------------------------------------
     0 | D:5      | spaghetti the Octopode Delver began the quest for the Orb.
     0 | D:5      | Reached XP level 1. HP: 16/16 MP: 1/1
     0 | D:5      | magus.rc [v1.9.6]
   232 | D:4      | You pick up a book of the Senses and begin reading...
   232 | D:4      | You add the spells Dazzling Flash, Agony and Silence to
                  | your library.
   251 | D:4      | Noticed an iguana
   260 | D:4      | Slain by an iguana

Vanquished Creatures
  A kobold (D:4)
1 creature vanquished.

Table legend:
 A = Non-vault XP
 B = Vault XP
 C = Vault XP percentage of total XP
 D = Non-vault monster count
 E = Vault monster count
 F = Vault count percentage of total count
                 A         B        C        D         E       F
            +---------+---------+-------+---------+---------+-------
      Total |       2 |       0 |   0.0 |       1 |       0 |   0.0
            +---------+---------+-------+---------+---------+-------
        D:4 |       2 |       0 |   0.0 |       1 |       0 |   0.0
            +---------+---------+-------+---------+---------+-------

Illustrated notes

Table legend:
 A = Kills in this place as a percentage of kills in entire the game.
 B = Kills by you in this place as a percentage of kills by you in the entire game.
 C = Kills by friends in this place as a percentage of kills by friends in the entire game.
 D = Other kills in this place as a percentage of other kills in the entire game.
 E = Experience gained in this place as a percentage of experience gained in the entire game.
 F = Experience gained in this place divided by the number of levels of this place that you have seen.
                   A       B       C       D       E      F
               +-------+-------+-------+-------+-------+----------------------
         Total | 100.0 | 100.0 |   N/A |   N/A | 100.0 |   1.0
       Dungeon | 100.0 | 100.0 |   N/A |   N/A | 100.0 |   1.0
               +-------+-------+-------+-------+-------+----------------------

Table legend: (Time is in decaauts)
 A = Elapsed time spent in this place.
 B = Non-inter-level travel time spent in this place.
 C = Inter-level travel time spent in this place.
 D = Time resting spent in this place.
 E = Time spent auto-exploring this place.
 F = Levels seen in this place.
 G = Mean time per level.
                   A        B        C        D        E       F      G
               +--------+--------+--------+--------+--------+-----+--------+
         Total |    260 |    258 |      2 |    210 |     29 |   2 |  130.0 |
       Dungeon |    260 |    258 |      2 |    210 |     29 |   2 |  130.0 |
               +--------+--------+--------+--------+--------+-----+--------+

Top non-repeatable levels by time:
     D:4: 258 daAuts
     D:5: 2 daAuts
